 Dungeon Crawl Stone Soup version 0.29.0-4-gdea44cf6ec (webtiles) character file.

Game seed: 4816060512704351703

133 qw the Chopper (level 5, 0/30 HPs)
             Began as a Tengu Warper on Aug 28, 2022.
             Killed from afar by an orc wizard (9 damage)
             ... with a puff of flame
             ... on level 3 of the Dungeon.
             The game lasted 00:00:15 (3291 turns).

qw the Chopper (Tengu Warper)                       Turns: 3291, Time: 00:00:16

Health: 0/30       AC:  8    Str: 13    XL:     5   Next: 16%
Magic:  9/9        EV:  7    Int: 14    God:
Gold:   206        SH:  0    Dex: 13    Spells: 8/8 levels left

rFire   . . .      SeeInvis .   Y - +0 hand axe
rCold   . . .      Faith    .   (no shield)
rNeg    . . .      Spirit   .   a - +0 chain mail
rPois   .          Reflect  .   (helmet restricted)
rElec   .          Harm     .   (no cloak)
rCorr   .          Rampage  .   (no gloves)
Will    .....                   (boots unavailable)
Stlth   ..........              (no amulet)
HPRegen 0.10/turn               (no ring)
MPRegen 0.11/turn               (no ring)

@: lethally poisoned (0 -> -13), flying quickly and evasively, quick
A: beak, talons 3, nimble flight
a: no special abilities


You were on level 3 of the Dungeon.
You visited 1 branch of the dungeon, and saw 3 of its levels.

You collected 206 gold pieces.


Innate Abilities, Weirdness & Mutations

You have a beak for a mouth.
You have claws for feet.
Your magical nature lets you fly swiftly and evasively.


   Skills:
 - Level 2.0 Fighting
 + Level 5.7 Axes
 - Level 1.0 Throwing
 - Level 1.1 Armour
 - Level 2.1 Dodging
 - Level 2.0 Spellcasting
 - Level 2.4 Translocations


You had 8 spell levels left.
You didn't know any spells.
Your spell library contained the following spells:

 Spells                   Type           Power      Damage    Failure   Level
 Blink                    Tloc           16%        N/A       99%         2
 Gell's Gravitas          Tloc           8%         N/A       100%        3
 Lesser Beckoning         Tloc           8%         N/A       100%        3
 Teleport Other           Tloc           8%         N/A       100%        3
 Manifold Assault         Tloc           8%         N/A       100%        5

Inventory:

Hand Weapons
 g - a +0 flail
 Y - a +0 hand axe (weapon)
Armour
 a - a +0 chain mail (worn)
 j - a +0 buckler
Scrolls
 b - a scroll of teleportation
 d - a scroll of identify
Potions
 c - a potion of cancellation {unknown}
 e - a potion of heal wounds {unknown}
 f - a potion of flight {unknown}
 h - a potion of brilliance {unknown}
 i - a potion of resistance
 k - 2 potions of might {unknown}

Dungeon Overview and Level Annotations

Branches:
Dungeon (3/15)

Altars:


Message History

An orc, an orc wizard and an orc priest come into view.
The orc wizard is wielding a +2 dagger of venom.
Found a ring mail.
The orc shouts!
The orc priest shouts!
Enter note:
3278 ||| Stepping ~*~*~tactically~*~*~ (hiding).
You start waiting.
An orc wizard is nearby! 2 orcs come into view.
The orc shouts!
The orc priest calls down the wrath of Beogh upon you.
Beogh smites you!
The orc wizard gestures at you while chanting.
You are confused.
The orc moves out of view.
3284 ||| DRINKING potion of curing.
You feel better.
3284 ||| (to cure confusion)
You closely miss the orc. You claw the orc, but do no damage. You hit the orc.
The orc is moderately wounded.
The orc wizard gestures wildly while chanting.
The orc wizard flickers and vanishes!
Deactivating autopickup; reactivate with Ctrl-A.
The orc barely misses you.
You hit the orc. You claw the orc.
You kill the orc!
You hit something but do no damage. Your kick misses something.
Something hits you.
You are poisoned.
You barely miss something. You claw something. Your peck misses something.
You feel sick. The orc hits you but does no damage. Something hits you.
You are lethally poisoned!
3290 ||| Stepping ~*~*~tactically~*~*~ (hiding).
You feel very sick.
You barely miss something. Your peck misses something.
You feel very sick.
You hear some strange, mumbled words.
A puff of flame appears from out of thin air!
The puff of flame hits you!
You die...

#.# #.....# #%#
#.....# #..# ..#
#.....# ...# .##
#.....# .#.# .#
####### o[.
.######### ..
.##......# .#
.##.####.# #######o#
......##.###....@{.#
###.#........#######
#.####.#####
#.####.# #......#
########


You could see an orc.

Vanquished Creatures
  A jelly (D:2)
  4 adders (D:2)
  A worm (D:3)
  2 dart slugs
  An orc (D:3)
  9 ball pythons
  5 endoplasms
  4 giant cockroaches
  8 hobgoblins
  2 quokkas
  2 bats (D:2)
  3 frilled lizards
  3 goblins
  4 kobolds
  7 rats
56 creatures vanquished.

Notes
Turn   | Place    | Note
-------+----------+-------------------------------------------
     0 | D:1      | qw the Tengu Warper began the quest for the Orb.
     0 | D:1      | Reached XP level 1. HP: 12/12 MP: 4/4
     0 | D:1      | 0 ||| qw: Version: 0.1-a-89-g26bdef1
     0 | D:1      | 0 ||| qw: Game counter: 1072
     0 | D:1      | 0 ||| qw: Always use a shield: true
     0 | D:1      | 0 ||| qw: God list: Okawaru
     0 | D:1      | 0 ||| qw: Allow faded altars: false
     0 | D:1      | 0 ||| qw: Do Orc after D:15 true
     0 | D:1      | 0 ||| qw: Do second Lair branch before Depths: true
     0 | D:1      | 0 ||| qw: Lair rune preference: random
     0 | D:1      | 0 ||| qw: Plans: Normal
     0 | D:1      | 0 ||| PLANNING D:1-11
   162 | D:1      | 162 ||| Stepping ~*~*~tactically~*~*~ (stealth).
   169 | D:1      | 169 ||| Stepping ~*~*~tactically~*~*~ (stealth).
   191 | D:1      | 191 ||| Stepping ~*~*~tactically~*~*~ (stealth).
   192 | D:1      | 192 ||| Stepping ~*~*~tactically~*~*~ (stealth).
   301 | D:1      | Reached XP level 2. HP: 17/17 MP: 6/6
   303 | D:1      | Reached skill level 3 in Axes
   518 | D:1      | 518 ||| Stepping ~*~*~tactically~*~*~ (stealth).
   793 | D:1      | Found a faded altar of an unknown god.
   805 | D:1      | Reached XP level 3. HP: 19/21 MP: 7/7
  1053 | D:1      | 1053 ||| READING scroll labelled YMMOCUPNUWNI.
  1057 | D:1      | 1057 ||| READING 3 scrolls labelled LINLEO COR JAI.
  1058 | D:1      | 1058 ||| READING scroll labelled OMNIEFFA POMIE.
  1059 | D:1      | 1059 ||| DROPPING scroll of blinking.
  1060 | D:1      | 1060 ||| DROPPING 2 scrolls of immolation.
  1181 | D:2      | Reached skill level 4 in Axes
  1473 | D:2      | 1473 ||| Stepping ~*~*~tactically~*~*~ (stealth).
  1586 | D:2      | 1586 ||| DROPPING +0 club.
  1719 | D:2      | Reached XP level 4. HP: 16/26 MP: 8/8
  2052 | D:2      | 2052 ||| Stepping ~*~*~tactically~*~*~ (stealth).
  2074 | D:2      | Reached skill level 5 in Axes
  2099 | D:2      | 2099 ||| FLEEEEING.
  2100 | D:2      | 2100 ||| FLEEEEING.
  2101 | D:2      | 2101 ||| FLEEEEING.
  2102 | D:2      | HP: 6/26 [acid (7)]
  2469 | D:2      | 2469 ||| UPGRADING to +0 chain mail.
  2479 | D:2      | 2479 ||| DROPPING +0 leather armour.
  2480 | D:2      | 2480 ||| READING scroll labelled NOELON TAGI.
  2481 | D:2      | 2481 ||| READING scroll labelled XIYXTOAGOA.
  2482 | D:2      | 2482 ||| READING scroll labelled UKUTAY XAPA.
  2619 | D:3      | Gained mutation: Your magical nature lets you fly swiftly
                  | and evasively. [Tengu growth]
  2619 | D:3      | Reached XP level 5. HP: 30/30 MP: 9/9
  2845 | D:3      | Noticed an ice beast
  2859 | D:3      | HP: 6/30 [ice beast (10)]
  2860 | D:3      | 2860 ||| READING 2 scrolls of teleportation.
  2942 | D:3      | 2942 ||| Stepping ~*~*~tactically~*~*~ (stealth).
  3133 | D:3      | 3133 ||| Stepping ~*~*~tactically~*~*~ (hiding).
  3278 | D:3      | 3278 ||| Stepping ~*~*~tactically~*~*~ (hiding).
  3284 | D:3      | 3284 ||| DRINKING potion of curing.
  3284 | D:3      | 3284 ||| (to cure confusion)
  3290 | D:3      | 3290 ||| Stepping ~*~*~tactically~*~*~ (hiding).
  3291 | D:3      | Killed from afar by an orc wizard

Levels and vault maps discovered:
D:1:      onia_arrival_mini_maze_b, layout_loops_ring,
          nicolae_ecumenical_snake_handling
D:2:      layout_basic, minmay_misc_feat_roman
D:3:      layout_loops_cross

Skill      XL: |  1  2  3  4 |
---------------+-------------+-----
Axes           | 3 4 5 |  5.7
Fighting       | |  2.0
Throwing       | |  1.0
Armour         | |  1.1
Dodging        | |  2.1
Spellcasting   | |  2.0
Translocations | |  2.4

Action                   |  1- 3 |  4- 6 || total
-------------------------+-------+-------++-------
Melee: Hand axe          |    78 |    78 ||   156
       Kick              |    14 |    20 ||    34
       Peck              |    10 |     8 ||    18
Throw: Boomerang         |     7 |       ||     7
  Use: Scroll            |     3 |     4 ||     7
       Potion            |       |     1 ||     1
Armor: Leather armour    |    17 |    10 ||    27
       Chain mail        |       |    15 ||    15
Dodge: Dodged            |    34 |    31 ||    65

Table legend:
 A = Non-vault XP
 B = Vault XP
 C = Vault XP percentage of total XP
 D = Non-vault monster count
 E = Vault monster count
 F = Vault count percentage of total count
                 A         B        C        D         E       F
            +---------+---------+-------+---------+---------+-------
      Total |     184 |       6 |   3.2 |      52 |       4 |   7.1
            +---------+---------+-------+---------+---------+-------
        D:1 |      31 |       6 |  16.2 |      18 |       4 |  18.2
        D:2 |     126 |       0 |   0.0 |      22 |       0 |   0.0
        D:3 |      27 |       0 |   0.0 |      12 |       0 |   0.0
            +---------+---------+-------+---------+---------+-------
